 Dungeon Crawl Stone Soup version 0.21.1-1-g345015f (webtiles) character file.

51 inc the Vexing (level 3, -1/14 HPs)
             Began as a Felid Enchanter on Mar 2, 2018.
             Killed from afar by Sigmund (9 damage)
             ... with a magic dart
             ... on level 3 of the Dungeon.
             The game lasted 00:03:21 (2375 turns).

inc the Vexing (Felid Enchanter)                    Turns: 2375, Time: 00:03:21

Health: -1/14      AC:  1    Str:  4    XL:     3   Next: 57%
Magic:  5/7        EV: 18    Int: 17    God:
Gold:   72         SH:  0    Dex: 16    Spells: 3/6 levels left
                                        Lives:  0   Deaths: 0

rFire    . . .     SeeInvis +     - Unarmed
rCold    . . .     Gourm    .   (shield unavailable)
rNeg     . . .     Faith    .   (armour unavailable)
rPois    .         Spirit   .   (helmet unavailable)
rElec    .         Reflect  .   (cloak unavailable)
rCorr    .         Harm     .   (gloves unavailable)
MR       .....                  (boots unavailable)
Stlth    +++.......             (no amulet)
HPRegen  0.04/turn              (no ring)
MPRegen  0.10/turn              (no ring)

@: quick
A: very small, no armour, no weapons or thrown items, stealth, claws 1, fangs 3,
see invisible, carnivore, speed 1, shaggy fur 1, slow metabolism 1, sharp paws
a: no special abilities


You were on level 3 of the Dungeon.
You were not hungry.

You visited 1 branch of the dungeon, and saw 3 of its levels.

You collected 72 gold pieces.

Inventory:

Jewellery
 i - a cursed ring of teleportation {unknown}
Scrolls
 c - a scroll of fear {unknown}
 d - 3 scrolls of remove curse {unknown}
 e - a scroll of enchant weapon {unknown}
 h - a scroll of identify {unknown}
 j - a scroll of fog {unknown}
Potions
 f - a potion of agility {unknown}
 g - 2 potions of lignification {unknown}
 k - a potion of heal wounds {unknown}
Books
 a - a book of Maledictions

   Spells                             Type                      Level
   a - Corona                         Hexes                        1
   b - Ensorcelled Hibernation        Hexes/Ice                    2
   c - Confuse                        Hexes                        3
   d - Tukima's Dance                 Hexes                        3
   e - Dazzling Spray                 Conjuration/Hexes            3
Comestibles
 b - 3 rations


   Skills:
 - Level 2.6 Dodging
 - Level 4.0 Stealth
 - Level 3.2 Unarmed Combat
 - Level 2.0 Spellcasting
 + Level 4.6 Hexes
 + Level 0.4 Ice Magic


You had 3 spell levels left.
You knew the following spells:

 Your Spells              Type           Power        Failure   Level  Hunger
a - Corona                Hex            ###....      3%          1    #......
b - Ensorcelled Hibernat  Hex/Ice        ##....       11%         2    ###....


Dungeon Overview and Level Annotations

Branches:
Dungeon (3/15)

Altars:
Uskayaw

Annotations:
D:2 Jessica
D:3 Sigmund


Innate Abilities, Weirdness & Mutations

You cannot wear armour.
You are incapable of wielding weapons or throwing items.
Your paws allow you to move quietly. (Stealth)
You have sharp claws.
You have razor-sharp teeth.
You have supernaturally acute eyesight. (SInv)
You are carnivorous and can eat meat at any time.
You cover ground quickly.
You are covered in fur. (AC +1)
You have a slow metabolism.
Your sharp claws are effective at attacking unaware monsters.


Message History

Found a trident and 10 arrows.
Casting: Ensorcelled Hibernation
Confirm with . or Enter, or press ? or * to list all spells.
Aiming: Ensorcelled Hibernation
Press: ? - help, Shift-Dir - straight line, f - Sigmund
Aim: Sigmund, wielding a scythe and wearing an embroidered robe (hasn't noticed you, chance to defeat MR: 50%) Sigmund shouts!
Sigmund looks drowsy...
Sigmund shouts!
Sigmund completely misses you.
You see here a trident.
Casting: Ensorcelled Hibernation
Confirm with . or Enter, or press ? or * to list all spells.
You don't know that spell.
Unknown command.
Sigmund hits you from afar with a scythe.
Sigmund points at you and mumbles some strange words.
The magic dart hits you!
Ouch! That really hurt!
You die...

####### #.....# #.###.#
#.# #.# #####.###.####
##.##.........#########.
##...#..#.#..#...@(......
##.......#.#..@##########.
#......[........#
#..............##
#)#...#.####..#.
#.##.##.####.....
#.##.##..........
#.##....####..♣..
#.####..# ..♣ ...
#.####..##..........


You could see Sigmund.

Vanquished Creatures
  2 adders
  An adder skeleton (D:2)
  A worm (D:3)
  A dart slug (D:2)
  A ball python (D:1)
  A bat skeleton (D:2)
  2 bat zombies (D:2)
  2 giant cockroaches (D:1)
  4 goblins
  A hobgoblin (D:3)
  2 jackals
  A quokka (D:2)
  3 frilled lizards (D:1)
  A giant cockroach zombie (D:2)
  A rat (D:2)
24 creatures vanquished.

Notes
Turn   | Place    | Note
-------+----------+-------------------------------------------
     0 | D:1      | inc the Felid Enchanter began the quest for the Orb.
     0 | D:1      | Reached XP level 1. HP: 7/7 MP: 4/4
   859 | D:2      | Reached XP level 2. HP: 11/11 MP: 4/6
   875 | D:2      | Learned a level 2 spell: Ensorcelled Hibernation
  1124 | D:2      | Reached XP level 3. HP: 9/14 MP: 5/7
  1340 | D:2      | Noticed Jessica
  1895 | D:3      | Found a hide-covered altar of Uskayaw.
  1983 | D:3      | Noticed Sigmund
  2375 | D:3      | Killed from afar by Sigmund

Skill      XL: |  1  2 |
---------------+-------+-----
Unarmed Combat | 2 3 |  3.2
Dodging        | |  2.6
Stealth        | |  4.0
Spellcasting   | |  2.0
Hexes          | |  4.6
Ice Magic      | |  0.4

Action                   || total
-------------------------++-------
Melee: Unarmed           ||    87
       Bite              ||     9
 Cast: Corona            ||    13
       Ensorcelled Hiber ||     6
 Stab: Sleeping          ||    11
  Eat: Chunk             ||     3
Armor: Skin              ||    11
Dodge: Dodged            ||    82
